Map: 2000 Atmospheres LE

Players

A.I. 1 (Very Easy) - Winner!

  • Race: Zerg Zerg

Jaedolph

  • Race: Terran Terran
  • League: Master

VOD

Have the link to the VOD?

Description

Time

  • Played on: Sept. 24, 2021, 7:51 p.m.
  • Length: 9:41
Show
View Real Time Build Order
Export as new Build Order

A.I. 1 (Very Easy) Zerg - Winner!

Build Orders: Hatch First 

Get SALT Encoding   

  12  0:01  Drone  
  13  0:12  Overlord  
  13  0:16  Drone  
  14  0:41  Hatchery  
  13  0:45  Drone  
  14  1:04  Spawning Pool  
  13  1:05  Extractor  
  13  1:07  Drone  
  13  1:14  Drone  
  14  1:21  Overlord  
  14  1:50  Zergling x2  
  14  1:53  Zergling x2, Queen  
  18  2:00  Roach Warren  
  17  2:04  Drone  
  18  2:09  Extractor  
  18  2:12  Drone  
  18  2:16  Zergling x2  
  18  2:20  Drone  
  20  2:28  Drone  
  21  2:35  Drone  
  21  2:42  Drone  
  22  2:49  Drone  
  23  2:56  Drone  
  24  3:03  Drone, Roach  
  27  3:10  Overlord  
  27  3:16  Drone  
  28  3:23  Drone, Lair  
  29  3:38  Drone  
  30  3:45  Drone  
  31  3:51  Roach  
  31  3:52  Drone  
  34  3:59  Drone  
  35  4:06  Drone  
  35  4:08  Overlord  
  36  4:14  Drone  
  37  4:21  Drone  
  37  4:22  Overseer  
  37  4:24  Overseer  
  38  4:28  Drone  
  39  4:35  Drone  
  39  4:38  Ravager, Roach  
  41  4:41  Extractor  
  41  4:42  Drone  
  43  4:49  Drone  
  44  4:53  Extractor  
  44  4:57  Drone  
  43  5:01  Overlord  
  43  5:04  Drone  
  41  5:11  Drone  
  39  5:18  Drone  
  38  5:25  Drone  
  38  5:26  Zergling x2  
  40  5:32  Drone  
  41  5:40  Drone  
  42  5:47  Drone  
  43  5:54  Drone  
  44  6:01  Drone  
  45  6:08  Drone  
  46  6:13  Zergling x2  
  46  6:15  Drone  
  48  6:22  Drone  
  49  6:30  Drone  
  50  6:37  Drone  
  51  7:03  Zergling x2  
  51  7:07  Overseer  
  51  7:08  Overlord  
  43  7:30  Overlord, Overseer  
  43  7:50  Zergling x2  
  44  8:37  Roach  
Show
View Real Time Build Order
Export as new Build Order

Jaedolph Terran 

Build Orders: Liberator Opening, Reaper Expand 

Get SALT Encoding   

  12  0:00  SCV  
  13  0:12  SCV  
  14  0:17  Supply Depot  
  14  0:25  SCV  
  15  0:38  SCV  
  15  0:41  Barracks  
  16  0:46  Refinery  
  16  0:50  SCV  
  17  1:02  SCV  
  18  1:15  SCV  
  19  1:28  Orbital Command  
  19  1:30  Reaper  
  20  1:40  Command Center  
  20  1:48  Supply Depot  
  20  1:54  SCV  
  21  2:02  Marine  
  22  2:09  SCV  
  22  2:12  Factory, Refinery  
  23  2:21  SCV  
  24  2:27  Barracks Reactor  
  24  2:33  SCV  
  25  2:45  SCV  
  26  2:52  Orbital Command  
  26  2:58  Starport  
  26  2:59  SCV  
  27  3:07  Hellion x2  
  27  3:12  Barracks Tech Lab  
  31  3:13  SCV  
  31  3:14  Supply Depot  
  31  3:18  SCV  
  33  3:25  SCV  
  34  3:30  SCV  
  34  3:32  Hellion x2  
  39  3:36  Liberator  
  39  3:38  SCV  
  43  3:41  Stimpack  
  43  3:42  SCV  
  44  3:51  SCV  
  44  3:53  Hellion x2  
  44  3:54  SCV  
  50  4:00  Supply Depot  
  50  4:03  SCV  
  50  4:06  SCV  
  52  4:15  SCV  
  53  4:17  Command Center  
  53  4:20  SCV  
  54  4:27  SCV  
  54  4:28  Starport Reactor  
  54  4:30  Barracks  
  55  4:34  SCV  
  55  4:37  Factory Tech Lab, Engineering Bay  
  55  4:38  Engineering Bay  
  56  4:39  Barracks  
  56  4:41  SCV, Supply Depot  
  56  4:45  Refinery  
  57  4:46  Refinery  
  57  4:50  SCV, Marine  
  59  5:02  SCV  
  59  5:04  SCV  
  59  5:05  Terran Infantry Weapons Level 1  
  61  5:10  Supply Depot  
  61  5:12  Siege Tank  
  64  5:14  SCV  
  64  5:15  Marine  
  64  5:17  Marine x2  
  64  5:20  SCV, Starport Reactor  
  69  5:26  Terran Infantry Armor Level 1, SCV  
  70  5:28  Combat Shield  
  70  5:32  SCV  
  70  5:34  Marine  
  72  5:36  Marine x4  
  72  5:38  Orbital Command  
  72  5:39  SCV  
  72  5:42  Supply Depot  
  77  5:45  SCV  
  77  5:47  Siege Tank  
  81  5:51  SCV  
  81  5:52  Marine  
  81  5:54  Marine x3, Armory  
  81  5:55  Marine  
  87  5:58  Medivac  
  87  6:00  Medivac  
  87  6:02  SCV  
  92  6:05  Orbital Command  
  92  6:08  Supply Depot  
  92  6:10  SCV  
  93  6:14  Marine x3  
  93  6:16  Marine x2, Supply Depot  
  93  6:17  Supply Depot  
  98  6:27  SCV x2  
  98  6:32  Marine  
  101  6:33  SCV  
  101  6:39  SCV  
  103  6:41  SCV  
  103  6:44  Supply Depot  
  103  6:45  SCV  
  105  6:50  Marine x5  
  105  6:51  SCV  
  111  6:55  SCV  
  111  6:58  Barracks  
  111  6:59  Supply Depot  
  111  7:00  Supply Depot  
  112  7:02  Barracks  
  112  7:05  Terran Infantry Weapons Level 2  
  112  7:06  SCV  
  112  7:08  Marine x2  
  113  7:09  SCV x2  
  62  7:15  Medivac x2  
  116  7:16  Marine x3  
  116  7:17  Siege Tank  
  116  7:18  SCV  
  116  7:20  Terran Infantry Armor Level 2  
  116  7:21  SCV x2  
  129  7:23  Supply Depot  
  129  7:26  Marine x2  
  131  7:31  SCV  
  131  7:32  Refinery, Factory  
  131  7:33  SCV x2  
  131  7:34  Marine x2, Refinery  
  131  7:35  Supply Depot  
  131  7:36  Marine  
  137  7:43  SCV, Marine  
  139  7:44  Marine  
  141  7:52  Marine x2  
  141  7:53  Marine, Supply Depot  
  141  7:54  Barracks Reactor x2, Supply Depot x2  
  141  7:55  Medivac x2  
  141  7:57  SCV  
  148  8:01  Marine  
  148  8:02  Marine  
  148  8:03  Siege Tank  
  153  8:09  Marine  
  155  8:12  SCV  
  155  8:14  SCV  
  155  8:17  Factory Reactor, Barracks  
  156  8:20  Marine x3  
  156  8:21  Marine  
  156  8:23  SCV  
  156  8:25  SCV  
  162  8:29  Command Center  
  162  8:33  Barracks  
  162  8:34  Barracks  
  162  8:38  SCV, Supply Depot  
  162  8:39  Marauder, Marine x3  
  162  8:40  Marine x2  
  170  8:44  Supply Depot x2  
  170  8:49  Marine x3  
  170  8:50  Widow Mine, Medivac  
  170  8:51  Medivac  
  179  8:56  Widow Mine x2  
  179  8:57  Marine x4  
  179  8:58  Marine  
  179  9:00  Marine  
  189  9:07  Supply Depot  
  189  9:11  Marine  
  189  9:14  Marine x2  
  192  9:18  Marauder  
  194  9:25  Barracks Tech Lab x3  
Tags
 
Add a new tag
Caveats
  • Supply blocks, unpowered buildings, or Contaminate may cause inaccurate times.
  • Supply counts are checked every 10 seconds.